 Dungeon Crawl Stone Soup version 0.32-a0-361-g289a535e89 (webtiles) character file.

Game seed: 12887393715748734946

533 Sobieck the Slasher (level 7, -3/54 HPs)
             Began as a Coglin Gladiator on Feb 18, 2024.
             Slain by a lemure (6 damage)
             ... led by Pikel
             ... on level 4 of the Dungeon.
             The game lasted 00:05:01 (3367 turns).

Sobieck the Slasher (Coglin Gladiator)              Turns: 3367, Time: 00:05:02

Health: -3/54      AC:  0    Str: 15    XL:     7   Next: 24%
Magic:  7/7        EV: 22    Int:  7    God:
Gold:   207        SH:  0    Dex: 22    Spells: 6/6 levels left

rFire   . . .        a - melded +0 long sword {Luis}
rCold   . . .        (shield currently unavailable)
rNeg    . . .        b - melded +0 leather armour
rPois   .            c - melded +0 helmet
rElec   .            (cloak currently unavailable)
rCorr   .            (gloves currently unavailable)
SInv    .            (boots currently unavailable)
Will    .....        (no amulet)
Stlth   ++           (ring currently unavailable)
HPRegen 0.29/turn    (ring currently unavailable)
MPRegen 0.10/turn

%: no passive effects
@: bat-form, flying, stiff-legged, very slow
A: fast, flying, no casting, tiny, (off-hand wielding), (slow wielding), (warmup
strikes), (warmup strides)
a: no special abilities


You were on level 4 of the Dungeon.
You were a bat.
You visited 1 branch of the dungeon, and saw 4 of its levels.

You collected 207 gold pieces.

Inventory:

Hand Weapons
 a - a +0 long sword (melded) {Luis}
 g - a +3 short sword {Prani}
Missiles
 j - 46 stones
 k - 2 poisoned darts
 v - a javelin
 Z - 3 throwing nets
Armour
 b - a +0 leather armour (melded)
 c - a +0 helmet (melded)
 d - a +0 pair of boots
Jewellery
 q - an amulet of guardian spirit
Wands
 o - a wand of mindburst (9)
 P - a wand of paralysis (6)
Scrolls
 T - 2 scrolls of teleportation
Potions
 e - 2 potions of brilliance {unknown}
 i - a potion of heal wounds {unknown}
 p - a potion of resistance
 r - a potion of magic {unknown}
 u - a potion of curing {unknown}


   Skills:
 + Level 4.1 Fighting
 * Level 6.1 Long Blades
 - Level 1.7 Throwing
 + Level 4.2 Dodging


You had 6 spell levels left.
You didn't know any spells.
Your spell library contained the following spells:

 Spells                   Type           Power      Damage    Failure   Level
 Slow                     Hex            0%         N/A       43%         1
 Confusing Touch          Hex            0%         N/A       80%         3
 Sigil of Binding         Hex            0%         N/A       80%         3
 Vampiric Draining        Necr           0%         2d6       80%         3


Dungeon Overview and Level Annotations

Branches:
Dungeon (4/15)
 Temple: D:4-7

Altars:

Annotations:
D:4 Pikel


Innate Abilities, Weirdness & Mutations

You are a bat.
You are tiny and dextrous.
You move quickly.
You are flying.
Your equipment is almost entirely melded.
You are incapable of wielding weapons or throwing items.
You cannot cast spells.
((You can wield a second weapon in your off-hand.))
((It takes a long time for you to wield or remove held weapons.))
((Your first few attacks do less damage.))
((Your first movements take longer.))


Message History

Pikel barely misses you. The lemure closely misses you.
Pikel barely misses you.
Found a short sword.
The lemure misses you. The lemure barely misses you. The lemure hits you.
* * * LOW HITPOINT WARNING * * *
The lemure attacks as it pursues you! The lemure hits you.
* * * LOW HITPOINT WARNING * * *
The lemure attacks as it pursues you! The lemure barely misses you.
The lemure hits you but does no damage. The lemure closely misses you.
Your transformation is almost over.
The lemure attacks as it pursues you! The lemure hits you.
* * * LOW HITPOINT WARNING * * *
The lemure attacks as it pursues you! The lemure hits you.
* * * LOW HITPOINT WARNING * * *
The lemure closely misses you. The lemure closely misses you.
The lemure barely misses you.
Pikel cracks his whip.
The lemure attacks as it pursues you! The lemure barely misses you.
The lemure attacks as it pursues you! The lemure hits you but does no damage.
The lemure barely misses you. The lemure misses you.
Pikel says, "Hell isn't that bad."
The lemure attacks as it pursues you! The lemure hits you!
* * * LOW HITPOINT WARNING * * *
The lemure hits you!
* * * LOW HITPOINT WARNING * * *
The lemure closely misses you.
Unknown command.
The lemure attacks as it pursues you! The lemure misses you.
The lemure closely misses you.
Pikel hits you with a +1 whip of electrocution!
* * * LOW HITPOINT WARNING * * *
You condense into your normal self.
Your +0 long sword {Luis} unmelds from your body.
Your +0 helmet unmelds from your body.
Your +3 short sword {Prani} is pushed off your body!
Your +0 leather armour unmelds from your body.
The lemure hits you.
* * * LOW HITPOINT WARNING * * *
Pikel zaps a wand.
You turn into a bat.
Your +0 long sword {Luis} melds into your body.
Your +0 helmet melds into your body.
Your +0 leather armour melds into your body.
The lemure misses you. The lemure barely misses you.
Unknown command.
The lemure closely misses you. The lemure misses you. Pikel closely misses you.
The lemure closely misses you.
Pikel says, "You'll make a fine lemure."
The lemure completely misses you. Pikel misses you. The lemure hits you.
You die...

.......... ..............
#............ #...........
.............##
#.............### ####
..............÷..###..#####
...... #......÷5.....<#...#
....#.##......5Kb.........#
....#..........5÷.....#...#
#...#....###..÷...######.##
....##....##........## ###
##.....#........##...##
..#....#.....#####....##
..............##.......##
####..##................#
#......#...#....####...##


You could see Pikel and 3 lemures.

Vanquished Creatures
  A lemure (D:4)
  Blork the orc (D:4)
  2 hounds (D:4)
  5 orc priests
  4 orc wizards
  2 adders (D:3)
  3 ribbon worms
  13 orcs
  3 ball pythons
  2 endoplasms
  5 giant cockroaches
  4 hobgoblins
  10 jackals
  4 kobolds
  A quokka (D:4)
  5 bats
  3 frilled lizards
  5 goblins
  4 rats
77 creatures vanquished.

Vanquished Creatures (collateral kills)
  A hobgoblin (D:4)
  A ball python (D:4)
2 creatures vanquished.

Grand Total: 79 creatures vanquished

Notes
Turn   | Place    | Note
-------+----------+-------------------------------------------
     0 | D:1      | Sobieck the Coglin Gladiator began the quest for the Orb.
     0 | D:1      | Reached XP level 1. HP: 16/16 MP: 1/1
    59 | D:1      | Reached XP level 2. HP: 22/22 MP: 2/2
   106 | D:1      | You fall into a shaft and drop 1 floor!
   209 | D:1      | Found a faded altar of an unknown god.
   750 | D:2      | Reached XP level 3. HP: 28/28 MP: 3/3
   850 | D:2      | Reached skill level 3 in Dodging
  1610 | D:2      | Reached skill level 4 in Long Blades
  1610 | D:2      | Reached XP level 4. HP: 25/34 MP: 4/4
  1657 | D:2      | Reached skill level 3 in Fighting
  1742 | D:2      | Reached XP level 5. HP: 29/41 MP: 5/5
  1994 | D:3      | Reached skill level 5 in Long Blades
  2155 | D:3      | Reached XP level 6. HP: 47/47 MP: 6/6
  3003 | D:4      | Noticed Blork the orc
  3008 | D:4      | Killed Blork the orc
  3009 | D:4      | Reached XP level 7. HP: 42/54 MP: 7/7
  3171 | D:3      | Reached skill level 6 in Long Blades
  3313 | D:4      | Noticed Pikel
  3362 | D:4      | HP: 1/54 [lemure[Pikel] (3)]
  3367 | D:4      | Slain by a lemure

Illustrated notes

Levels and vault maps discovered:
D:1:      nicolae_arrival_washed_ashore, layout_loops_cross,
          dreamdust_ecumenical_altar_statues
D:2:      layout_basic
D:3:      layout_basic, nicolae_elevator_lobby_asterisk
D:4:      layout_cave_pools, serial_shops, nicolae_shop_peninsula,
          hangedman_abyss_or_decor_stagger, chequers_serial_rivers_small_a,
          st_stairs_8, uniq_pikel, uniq_edmund, uniq_blork_the_orc

Skill      XL: |  1  2  3  4  5  6  7 |
---------------+----------------------+-----
Dodging        | 3 4 |  4.2
Long Blades    | 4 5 6 |  6.1
Fighting       | 3 4 |  4.1
Throwing       | |  1.7

Action                     |  1- 3 |  4- 6 |  7- 9 || total
---------------------------+-------+-------+-------++-------
  Melee: Long sword        |    64 |   105 |    27 ||   196
         Short sword       |    41 |    99 |    26 ||   166
         Unarmed           |       |       |     2 ||     2
    Use: Scroll            |       |     9 |       ||     9
   Stab: Sleeping          |       |     1 |       ||     1
 Armour: Leather armour    |    28 |    82 |    17 ||   127
         Skin              |       |       |    12 ||    12
  Dodge: Dodged            |    53 |    88 |    49 ||   190

Table legend: (Time is in decaauts)
 A = Elapsed time spent in this place.
 B = Non-inter-level travel time spent in this place.
 C = Inter-level travel time spent in this place.
 D = Time resting spent in this place.
 E = Time spent auto-exploring this place.
 F = Levels seen in this place.
 G = Mean time per level.
                   A        B        C        D        E       F      G
               +--------+--------+--------+--------+--------+-----+--------+
         Total |   3511 |   3433 |     78 |    720 |   2067 |   4 |  877.8 |
       Dungeon |   3511 |   3433 |     78 |    720 |   2067 |   4 |  877.8 |
               +--------+--------+--------+--------+--------+-----+--------+

Top non-repeatable levels by time:
     D:2: 1198 daAuts
     D:3: 1188 daAuts
     D:1: 752 daAuts
     D:4: 372 daAuts
